 Dungeon Crawl Stone Soup version 0.19-a0-1007-g133f65f (webtiles) character file.

564 nextgen the Covered (level 7, -3/54 HPs)
             Began as a Demonspawn Fighter on July 19, 2016.
             Slain by an orc
             ... wielding a +0 club
              (5 damage)
             ... on level 4 of the Dungeon.
             The game lasted 00:03:49 (3737 turns).

nextgen the Covered (Demonspawn Fighter)            Turns: 3737, Time: 00:03:50

Health: -3/54      AC:  8    Str: 24    XL:     7   Next: 10%
Magic:  7/7        EV: 14    Int: 14    God:
Gold:   208        SH: 11    Dex: 21    Spells: 0 memorised, 6 levels left

rFire  . . .     SeeInvis .     a - +0 long sword
rCold  . . .     Gourm    .     b - +0 scale mail
rNeg   . . .     Faith    .     c - +0 shield
rPois  .         Spirit   .     h - +0 helmet
rElec  .         Dismiss  .     (no cloak)
rCorr  .         Reflect  .     (no gloves)
SustAt .         Harm     .     (no boots)
MR     .....                    (no amulet)
Stlth  +++.......               (no ring)
                                (no ring)

@: mighty, brilliant, agile, not resistant to hostile enchantments, fairly
stealthy
A: claws 1, thin skeletal structure 2, demonic guardian 1
a: no special abilities


You were on level 4 of the Dungeon.
You were hungry.

You visited 1 branch of the dungeon, and saw 4 of its levels.

You collected 208 gold pieces.

Inventory:

Hand Weapons
 a - a +0 long sword (weapon)
Armour
 b - a +0 scale mail (worn)
 c - a +0 shield (worn)
 h - a +0 helmet (worn)
Wands
 n - a wand of flame (30/48)
Scrolls
 e - 2 scrolls of recharging
 g - 2 scrolls of remove curse
 i - 3 scrolls of enchant armour {unknown}
 k - 2 scrolls of magic mapping {unknown}
 l - 4 scrolls of teleportation {unknown}
 m - 2 scrolls of fear {unknown}
 o - a scroll of random uselessness {unknown}
 r - a scroll of identify {unknown}
Comestibles
 f - 3 bread rations
 j - a slice of pizza
 p - a meat ration


   Skills:
 + Level 4.0 Fighting
 + Level 3.4 Long Blades
 + Level 4.5 Armour
 + Level 2.4 Dodging
 + Level 0.4 Stealth
 + Level 4.2 Shields


You had 6 spell levels left.
You didn't know any spells.

Dungeon Overview and Level Annotations

Branches:
Dungeon (4/15)
 Temple: D:4-7

Altars:
Hepliaklqana
Kikubaaqudgha
Pakellas
Uskayaw
Xom


Innate Abilities, Weirdness & Mutations

You have sharp fingernails.
You have a moderately thin skeletal structure. (Dex +4, Stealth+)
A weak demonic guardian rushes to your aid.


Message History

* * * LOW HITPOINT WARNING * * *
Unknown command.
Unknown command.
You're too confused to move!
The orc completely misses you. Something hits you.
* * * LOW HITPOINT WARNING * * *
You miss something. The orc closely misses you.
Something hits you but does no damage.
You bump into the rock wall.
The orc misses you. Something hits you but does no damage.
Unknown command.
You aren't carrying any potions.
Unknown command.
Unknown command.
Unknown command.
You feel less confused.
Unknown command.
You slash something!
Reactivating autopickup.
You feel a bit more experienced. The orc hits you with a club.
You die...

#.## ##.# #.##
##.# #.## ##
##.# ...###
#..#
#...####.##
#...@..#
##..o.######
#.....#...####
#...)..†......
##............
#............
#............
#............
##...........


You could see an orc.

Vanquished Creatures
  Sigmund (D:2)
  Edmund (D:4)
  An orc priest (D:4)
  4 orc wizards
  7 adders
  2 oozes (D:3)
  A dart slug (D:3)
  5 giant geckos
  9 orcs
  16 bats
  A giant cockroach (D:1)
  4 goblins
  4 hobgoblins
  4 giant newts
  5 kobolds
  4 rats
69 creatures vanquished.

Vanquished Creatures (others)
  A yak (D:3)
1 creature vanquished.

Grand Total: 70 creatures vanquished

Notes
Turn   | Place    | Note
-------+----------+-------------------------------------------
     0 | D:1      | nextgen the Demonspawn Fighter began the quest for the Orb.
     0 | D:1      | Reached XP level 1. HP: 18/18 MP: 1/1
   349 | D:1      | Gained mutation: You have a somewhat thin skeletal structure. (Dex +2, Stealth) [demonic ancestry]
   349 | D:1      | Reached XP level 2. HP: 23/24 MP: 2/2
   947 | D:1      | Found a hide-covered altar of Uskayaw.
   973 | D:2      | Gained mutation: You have sharp fingernails. [demonic ancestry]
   973 | D:2      | Reached XP level 3. HP: 20/29 MP: 3/3
  1223 | D:2      | Noticed Sigmund
  1242 | D:2      | Killed Sigmund
  1242 | D:2      | Reached skill level 1 in Dodging
  1242 | D:2      | Reached XP level 4. HP: 12/37 MP: 4/4
  1242 | D:2      | Reached XP level 5. HP: 13/42 MP: 5/5
  2471 | D:3      | Gained mutation: You have a moderately thin skeletal structure. (Dex +4, Stealth+) [demonic ancestry]
  2471 | D:3      | Reached XP level 6. HP: 34/48 MP: 6/6
  2983 | D:3      | Found a shimmering altar of Xom.
  3015 | D:3      | Found a hazy altar of Hepliaklqana.
  3016 | D:3      | Found an ancient bone altar of Kikubaaqudgha.
  3057 | D:3      | Found an oddly glowing altar of Pakellas.
  3057 | D:3      | Noticed a yak
  3073 | D:3      | Killed a yak
  3698 | D:4      | Noticed Edmund
  3716 | D:4      | HP: 1/48 [Edmund/flail of crushing (2)]
  3725 | D:4      | Killed Edmund
  3725 | D:4      | Gained mutation: A weak demonic guardian rushes to your aid. [demonic ancestry]
  3725 | D:4      | Reached XP level 7. HP: 4/54 MP: 7/7
  3730 | D:4      | HP: 2/54 [something/magic dart (2)]
  3737 | D:4      | Slain by an orc

Vault maps used:
D:1:      sevenhm_arrival_forest_fort_small_6
D:2:      lemuel_upstairs_altar, first_bread, uniq_sigmund
D:3:      minitemple, gammafunk_pakellas_its_alive
D:4:      uniq_edmund

Skill      XL: |  1  2  3  4  5  6 |
---------------+-------------------+-----
Armour         | 3 4 |  4.5
Long Blades    | 2 3 |  3.4
Shields        | 3 4 |  4.2
Dodging        | 1 2 |  2.4
Fighting       | 4 |  4.0
Stealth        | |  0.4

Action                   |  1- 3 |  4- 6 |  7- 9 || total
-------------------------+-------+-------+-------++-------
Melee: Long sword        |    99 |   223 |     6 ||   328
  Use: Potion            |     3 |     6 |       ||     9
       Scroll            |       |     2 |       ||     2
  Eat: Bread ration      |       |     1 |       ||     1
       Chunk             |       |     3 |       ||     3
       Pizza             |       |     1 |       ||     1
Armor: Scale mail        |    44 |   106 |     4 ||   154
Dodge: Dodged            |    27 |    87 |     6 ||   120
Block: Shield            |    45 |   129 |     4 ||   178
